AoeStats
← Arttu

Arena

509695731Analyzed
2v2 RM · 6d ago on Sep 27, 2026· 49m 26s· 4 players
Game mode
Random Map
Map size
Medium (4 player)
Population
200
Speed
Normal
Resources
Standard
Victory
Conquest
Starting age
Dark Age
Ending age
Imperial Age
RankedLock teamsTeams togetherTeam positionsShared explorationLock speedFull tech treeHidden civsTurbo modeCheats
Victory
Defeat
🇫🇮 Britons · Finland
1036
+15
🇫🇮 Cumans · Finland
967
+19
🇭🇰 Khmer · Hong Kong SAR China
1019
-17
🇨🇳 Mongols · China
1015
-17
Olmi
10:45 Feudal Age
9:06 Loom
11:32 Double-Bit Axe
12:48 Horse Collar
15:31 Castle Age
16:09 Fletching
18:15 Wheelbarrow
23:51 Bow Saw
24:13 Ballistics
24:06 Crossbowman
26:23 Hand Cart
27:33 Bodkin Arrow
27:41 Padded Archer Armor
28:08 Man-at-Arms
29:25 Long Swordsman
29:30 Pikeman
30:11 Squires
35:44 Imperial Age
36:40 Arbalester
37:56 Forging
37:47 Scale Mail Armor
38:04 Leather Archer Armor
40:40 Two-Man Saw
39:42 Heavy Plow
40:10 Gambesons
42:01 Chemistry
42:16 Bracer
42:47 Ring Archer Armor
42:34 Chain Mail Armor
42:55 Iron Casting
43:32 Stone Mining
43:33 Gold Mining
43:18 Halberdier
43:46 Arson
48:13 Blast Furnace
47:44 Plate Mail Armor
49:08 Siege Engineers
49:19 Masonry
49:40 Yeomen
Arttu
8:51 Feudal Age
9:34 Double-Bit Axe
10:27 Horse Collar
20:50 Castle Age
19:52 Scale Mail Armor
20:34 Scale Barding Armor
21:01 Capped Ram
21:35 Pikeman
23:31 Squires
23:49 Forging
24:37 Bow Saw
26:00 Light Cavalry
26:50 Bloodlines
31:49 Wheelbarrow
32:01 Chain Mail Armor
32:21 Iron Casting
33:18 Hand Cart
35:49 Imperial Age
34:28 Heavy Plow
36:42 Loom
36:39 Hussar
37:04 Halberdier
38:22 Plate Mail Armor
38:53 Blast Furnace
38:13 Chain Barding Armor
38:49 Siege Ram
44:08 Conscription
50:11 Plate Barding Armor
49:27 Fletching
50:45 Chemistry
50:06 Ballistics
49:57 Masonry
code monkey HK
8:02 Feudal Age
13:32 Castle Age
12:07 Double-Bit Axe
19:22 Horse Collar
22:52 Fervor
25:34 Wheelbarrow
24:44 Loom
24:46 Town Watch
38:30 Imperial Age
37:25 Fortified Wall
37:30 Stone Mining
37:30 Gold Mining
39:44 Stone Shaft Mining
39:44 Gold Shaft Mining
40:57 Conscription
40:38 Double Crossbow
42:07 Hand Cart
49:34 Bow Saw
未见将见
10:24 Feudal Age
11:46 Double-Bit Axe
11:44 Horse Collar
14:46 Castle Age
15:49 Bow Saw
15:40 Heavy Plow
19:44 Husbandry
21:48 Gold Mining
22:11 Bloodlines
23:34 Wheelbarrow
22:54 Loom
25:07 Hand Cart
24:38 Town Watch
25:55 Gold Shaft Mining
25:57 Scale Barding Armor
28:37 Forging
29:09 Chain Barding Armor
30:34 Iron Casting
34:45 Stone Mining
35:10 Padded Archer Armor
35:00 Fletching
37:44 Imperial Age
36:40 Leather Archer Armor
36:21 Bodkin Arrow
37:56 Ballistics
38:54 Parthian Tactics
38:35 Thumb Ring
38:33 Bracer
37:57 Light Cavalry
39:44 Chemistry
39:07 Hussar
41:47 Conscription
41:24 Elite Mangudai
43:48 Blast Furnace
42:58 Town Patrol
43:14 Masonry
43:09 Siege Engineers
43:00 Murder Holes
Connection lost

Rejoining the realm…

Still unreachable

The connection could not be restored.

Session expired

The server has moved on; the page needs a fresh start.